 Dungeon Crawl Stone Soup version 0.27-a0-1555-g0e7b3fb1d2 (webtiles) character file.

Game seed: 12608411684755026109

96 Sin92 the Skirmisher (level 4, -1/35 HPs)
             Began as a Demonspawn Fighter on July 14, 2021.
             Killed by nerve-wracking pain
             ... invoked by Jessica
              (11 damage)
             ... on level 3 of the Dungeon on July 15, 2021.
             The game lasted 00:01:52 (2119 turns).

Sin92 the Skirmisher (Demonspawn Fighter)           Turns: 2119, Time: 00:01:53

Health: -1/35      AC: 11    Str: 17    XL:     4   Next: 41%
Magic:  4/4        EV:  9    Int:  9    God:
Gold:   86         SH:  9    Dex: 13    Spells: 3/3 levels left

rFire    . . .     SeeInvis .   a - +0 trident (freeze)
rCold    . . .     Faith    +   c - +0 kite shield
rNeg     . . .     Spirit   .   i - +0 chain mail
rPois    .         Reflect  .   (no helmet)
rElec    .         Harm     .   (no cloak)
rCorr    .         Rampage  .   (no gloves)
Will     .....                  (no boots)
Stlth    ..........             e - amulet of faith
HPRegen  0.11/turn              h - +4 ring of evasion
MPRegen  0.09/turn              (no ring)

@: no status effects
A: hooves 1, icy blue scales 1
a: no special abilities


You were on level 3 of the Dungeon.
You visited 1 branch of the dungeon, and saw 3 of its levels.

You collected 86 gold pieces.

Inventory:

Hand Weapons
 a - a +0 trident of freezing (weapon)
Missiles
 l - 2 throwing nets (quivered)
Armour
 b - a +0 scale mail
 c - a +0 kite shield (worn)
 i - a +0 chain mail (worn)
Jewellery
 e - an amulet of faith (around neck)
 h - a +4 ring of evasion (left hand)
Potions
 d - a potion of might
 f - a potion of curing {unknown}
 g - a potion of cancellation {unknown}


   Skills:
 + Level 3.4 Fighting
 * Level 2.9 Polearms
 + Level 3.0 Armour
 + Level 1.1 Dodging
 + Level 3.1 Shields


You had 3 spell levels left.
You didn't know any spells.
Your spell library was empty.

Dungeon Overview and Level Annotations

Branches:
Dungeon (3/15)

Altars:

Annotations:
D:3 Jessica


Innate Abilities, Weirdness & Mutations

You have large cloven feet.
You are partially covered in icy blue scales. (AC +2)


Message History

You reach to attack!
You barely miss Jessica.
Jessica points at you and mumbles some strange words.
Pain shoots through your body!
You reach to attack!
You hit Jessica. You freeze Jessica.
Jessica is heavily wounded.
A goblin comes into view. It is wielding a +0 dagger.
You block Jessica's attack.
You hit Jessica but do no damage. Your kick misses Jessica.
Jessica is heavily wounded.
You block the adder's attack. The adder bites you.
You are poisoned.
The adder poisons you! Jessica casts a spell at you.
Pain shoots through your body!
You feel sick. The adder completely misses you.
There is an open door here.
Unknown command.
You feel sick.
Jessica mumbles some strange words.
Jessica blinks!
You block the adder's attack.
You closely miss the adder. You kick the adder.
The adder is moderately wounded.
You feel sick. The adder bites you but does no damage.
You closely miss the adder. You kick the adder.
The adder is almost dead.
You feel sick. The adder barely misses you.
The adder bites you but does no damage.
You barely miss the adder. You kick the adder.
You kill the adder!
You feel sick.
You are no longer poisoned.
You hit the goblin. You freeze the goblin.
You kill the goblin!
Jessica gestures wildly while chanting.
Jessica blinks!
Jessica casts a spell.
Jessica seems to speed up.
Jessica points at you and mumbles some strange words.
Pain shoots through your body!
You die...

##########
####........
#....[....#
###..@......#
.$..........#
###......(..#
............#
.######@#####
#.# #.# #.#
####.###########
#..............#
#..............#
#..............#
#.........<....#


You could see Jessica (fast).

Vanquished Creatures
  3 adders
  A gnoll (D:1)
  A dart slug (D:2)
  5 bats (D:1)
  4 endoplasms
  2 giant cockroaches
  6 goblins
  5 hobgoblins
  5 jackals
  5 kobolds
  2 quokkas
  8 ball pythons
  2 frilled lizards
  3 rats
52 creatures vanquished.

Notes
Turn   | Place    | Note
-------+----------+-------------------------------------------
     0 | D:1      | Sin92 the Demonspawn Fighter began the quest for the Orb.
     0 | D:1      | Reached XP level 1. HP: 18/18 MP: 1/1
   106 | D:1      | Gained mutation: You have large cloven feet. [demonic
                  | ancestry]
   106 | D:1      | Reached XP level 2. HP: 24/24 MP: 2/2
   511 | D:1      | Reached XP level 3. HP: 29/29 MP: 3/3
   529 | D:1      | Found a faded altar of an unknown god.
  1184 | D:2      | Reached skill level 1 in Dodging
  1581 | D:2      | Gained mutation: You are partially covered in icy blue
                  | scales. (AC +2) [demonic ancestry]
  1581 | D:2      | Reached XP level 4. HP: 35/35 MP: 4/4
  2107 | D:3      | Noticed Jessica
  2119 | D:3      | Killed from afar by Jessica

Illustrated notes

Levels and vault maps discovered:
D:1:      sevenhm_arrival_forest_fort_small_4, layout_basic,
          ebering_ecumenical_altar_rust, minmay_misc_feat_hallway,
          serial_bayou_pond_e, minmay_misc_feat_chi
D:2:      minmay_recursive_quarters, layout_basic
D:3:      layout_basic, serial_bayou_pond_c, uniq_jessica

Skill      XL: |  1  2  3 |
---------------+----------+-----
Polearms       | 2 |  2.9
Shields        | 3 |  3.1
Dodging        | 1 |  1.1
Armour         | 3 |  3.0
Fighting       | |  3.4

Action                   |  1- 3 |  4- 6 || total
-------------------------+-------+-------++-------
Melee: Trident           |   117 |    28 ||   145
       Kick              |    12 |     8 ||    20
  Use: Scroll            |       |     3 ||     3
Armor: Scale mail        |    48 |     5 ||    53
       Chain mail        |       |     2 ||     2
Dodge: Dodged            |    48 |     9 ||    57
Block: Kite shield       |    76 |    15 ||    91

Table legend: (Time is in decaauts)
 A = Elapsed time spent in this place.
 B = Non-inter-level travel time spent in this place.
 C = Inter-level travel time spent in this place.
 D = Time resting spent in this place.
 E = Time spent auto-exploring this place.
 F = Levels seen in this place.
 G = Mean time per level.
                   A        B        C        D        E       F      G
               +--------+--------+--------+--------+--------+-----+--------+
         Total |   2182 |   2121 |     61 |     78 |   1692 |   3 |  727.3 |
       Dungeon |   2182 |   2121 |     61 |     78 |   1692 |   3 |  727.3 |
               +--------+--------+--------+--------+--------+-----+--------+

Top non-repeatable levels by time:
     D:2: 1091 daAuts
     D:1: 1009 daAuts
     D:3: 81 daAuts
